NYP
TRI-CITY VALLEYCATS @ LOS ANGELES (NYP) ANGELS
07/27/2048
 
TOP OF THE 1ST
Tri-City ValleyCats batting - Pitching for Los Angeles (NYP) Angels : RHP Chris DePalma
Pitching: RHP Chris DePalma
Batting: RHB Ben Sutton 0-0: Called Strike
0-1: Foul Ball, location: 2F
0-2: Ground out 6-3 (Groundball, 6, EV 87.5 MPH)
Batting: RHB Omar Amaya 0-0: Ball
1-0: Ball
2-0: Foul Ball, location: 2F
2-1: Ground out 6-3 (Groundball, 56, EV 85.0 MPH)
Batting: LHB Josh Corkery 0-0: Ball
1-0: DOUBLE (Line Drive, 9LM, EV 105.0 MPH)
Batting: RHB Dinand Brouwer 0-0: Ball
1-0: Ball
2-0: Called Strike
2-1: Ball
3-1: Called Strike
3-2: Strikes out swinging
Top of the 1st over - 0 runs, 1 hit, 0 errors, 1 left on base; Tri-City 0 - Los Angeles (NYP) 0
BOTTOM OF THE 1ST
Los Angeles (NYP) Angels batting - Pitching for Tri-City ValleyCats : LHP Chase Smith
Pitching: LHP Chase Smith
Batting: RHB Rory Cobb 0-0: Called Strike
0-1: Ball
1-1: Ball
2-1: Called Strike
2-2: Ground out U3 (Groundball, 34, EV 101.2 MPH)
Batting: RHB Davey Verhoog 0-0: Ball
1-0: Called Strike
1-1: Ground out 6-3 (Groundball, 6, EV 88.1 MPH)
Batting: RHB Dan Burkhart 0-0: Called Strike
0-1: Called Strike
0-2: Ball
1-2: Ground out 6-3 (Groundball, 6, EV 96.2 MPH)
Bottom of the 1st over - 0 runs, 0 hits, 0 errors, 0 left on base; Tri-City 0 - Los Angeles (NYP) 0
TOP OF THE 2ND
Tri-City ValleyCats batting - Pitching for Los Angeles (NYP) Angels : RHP Chris DePalma
Batting: LHB Wade Girard 0-0: Ball
1-0: Ball
2-0: Foul Ball, location: 2F
2-1: Called Strike
2-2: Fly out, F7 (Line Drive, 78M, EV 108.1 MPH)
Batting: RHB Drew Coleman 0-0: DOUBLE (Line Drive, 9LM, EV 101.9 MPH)
Batting: RHB Steve Moore 0-0: Foul Ball, location: 2F
0-1: Foul Ball, location: 2F
0-2: Ball
1-2: Fly out, F7 (Flyball, 7LM, EV 92.5 MPH)
Batting: RHB Jamie Youngs 0-0: Reached on error, E5 (Groundball, 56, EV 81.9 MPH)
Drew Coleman scores
Batting: RHB Patrick Pinault 0-0: Called Strike
0-1: Foul Ball, location: 2F
0-2: Strikes out swinging
Top of the 2nd over - 1 run, 1 hit, 1 error, 1 left on base; Tri-City 1 - Los Angeles (NYP) 0
BOTTOM OF THE 2ND
Los Angeles (NYP) Angels batting - Pitching for Tri-City ValleyCats : LHP Chase Smith
Batting: SHB Danny Gelinas 0-0: Ball
1-0: Ball
2-0: Swinging Strike
2-1: Ball
3-1: Base on Balls
Batting: RHB Phil Knox 0-0: Grounds into double play, 4-6-3 (Groundball, 4M, EV 91.2 MPH)
Batting: LHB Alberto Carrillo 0-0: Called Strike
0-1: Fly out, F4 (Popup, 34, EV 55.0 MPH)
Bottom of the 2nd over - 0 runs, 0 hits, 0 errors, 0 left on base; Tri-City 1 - Los Angeles (NYP) 0
TOP OF THE 3RD
Tri-City ValleyCats batting - Pitching for Los Angeles (NYP) Angels : RHP Chris DePalma
Batting: RHB Ben Sutton 0-0: Ball
1-0: Ground out 6-3 (Groundball, 6S, EV 80.0 MPH)
Batting: RHB Omar Amaya 0-0: Ball
1-0: Called Strike
1-1: Swinging Strike
1-2: Ball
2-2: Strikes out swinging
Batting: LHB Josh Corkery 0-0: Ground out U3 (Groundball, 34, EV 98.1 MPH)
Top of the 3rd over - 0 runs, 0 hits, 0 errors, 0 left on base; Tri-City 1 - Los Angeles (NYP) 0
BOTTOM OF THE 3RD
Los Angeles (NYP) Angels batting - Pitching for Tri-City ValleyCats : LHP Chase Smith
Batting: LHB Adam Barry 0-0: Called Strike
0-1: Ground out 4-3 (Groundball, 4M, EV 83.8 MPH)
Batting: LHB Jamie Diebel 0-0: Ball
1-0: Ground out 6-3 (Groundball, 6, EV 81.9 MPH)
Batting: RHB Malachi Ephron 0-0: Called Strike
0-1: Ball
1-1: Ball
2-1: Fly out, F6 (Line Drive, 6, EV 68.1 MPH)
Bottom of the 3rd over - 0 runs, 0 hits, 0 errors, 0 left on base; Tri-City 1 - Los Angeles (NYP) 0
TOP OF THE 4TH
Tri-City ValleyCats batting - Pitching for Los Angeles (NYP) Angels : RHP Chris DePalma
Batting: RHB Dinand Brouwer 0-0: Ball
1-0: Ball
2-0: Ball
3-0: Base on Balls
Batting: LHB Wade Girard 0-0: Called Strike
0-1: Ball
1-1: Grounds into double play, 5-4-3 (Groundball, 25, EV 89.4 MPH)
Batting: RHB Drew Coleman 0-0: Called Strike
0-1: Ball
1-1: Foul Ball, location: 2F
1-2: Strikes out looking
Top of the 4th over - 0 runs, 0 hits, 0 errors, 0 left on base; Tri-City 1 - Los Angeles (NYP) 0
BOTTOM OF THE 4TH
Los Angeles (NYP) Angels batting - Pitching for Tri-City ValleyCats : LHP Chase Smith
Batting: RHB Rory Cobb 0-0: Called Strike
0-1: Ball
1-1: Ball
2-1: Foul Ball, location: 2F
2-2: Strikes out looking
Batting: RHB Davey Verhoog 0-0: Ball
1-0: Ball
2-0: Ground out 3-1 (Groundball, 34S, EV 88.8 MPH)
Batting: RHB Dan Burkhart 0-0: Called Strike
0-1: Ball
1-1: Ball
2-1: Called Strike
2-2: Ground out 5-3 (Groundball, 56, EV 80.6 MPH)
Bottom of the 4th over - 0 runs, 0 hits, 0 errors, 0 left on base; Tri-City 1 - Los Angeles (NYP) 0
TOP OF THE 5TH
Tri-City ValleyCats batting - Pitching for Los Angeles (NYP) Angels : RHP Chris DePalma
Batting: RHB Steve Moore 0-0: Foul Ball, location: 2F
0-1: Ball
1-1: Ground out 5-3 (Groundball, 25, EV 83.1 MPH)
Batting: RHB Jamie Youngs 0-0: Called Strike
0-1: Swinging Strike
0-2: Ball
1-2: Ball
2-2: Ball
3-2: Base on Balls
Batting: RHB Patrick Pinault 0-0: Ball
1-0: Ball
2-0: DOUBLE (Groundball, 5L, EV 107.5 MPH)
Jamie Youngs to third
Runner from 3rd tries for Home, throw by LF and OUT! 7-2
Batting: RHB Ben Sutton 0-0: Fly out, F9 (Line Drive, 9, EV 86.2 MPH)
Top of the 5th over - 0 runs, 1 hit, 0 errors, 1 left on base; Tri-City 1 - Los Angeles (NYP) 0
BOTTOM OF THE 5TH
Los Angeles (NYP) Angels batting - Pitching for Tri-City ValleyCats : LHP Chase Smith
Batting: SHB Danny Gelinas 0-0: Foul Ball, location: 2F
0-1: Foul Ball, location: 2F
0-2: SINGLE (Groundball, 4MD, EV 96.2 MPH)
Batting: RHB Phil Knox 0-0: Ball
1-0: Foul Ball, location: 2F
1-1: Ball
2-1: Ball
Wild Pitch!
Danny Gelinas to second
3-1: Fly out, F8 (Flyball, 89M, EV 79.4 MPH)
Batting: LHB Alberto Carrillo 0-0: Ball
1-0: Swinging Strike
1-1: Fly out, F8 (Flyball, 8LM, EV 94.4 MPH)
Batting: LHB Adam Barry 0-0: Ball
1-0: Called Strike
1-1: Ball
2-1: Ball
3-1: Swinging Strike
3-2: Strikes out swinging
Bottom of the 5th over - 0 runs, 1 hit, 0 errors, 1 left on base; Tri-City 1 - Los Angeles (NYP) 0
TOP OF THE 6TH
Tri-City ValleyCats batting - Pitching for Los Angeles (NYP) Angels : RHP Chris DePalma
Batting: RHB Omar Amaya 0-0: SINGLE (Line Drive, 8LS, EV 95.6 MPH)
Batting: LHB Josh Corkery 0-0: Ball
Omar Amaya steals 2nd base
1-0: Called Strike
1-1: Ball
2-1: Ball
3-1: Ground out U3 (Groundball, 3S, EV 66.9 MPH)
Omar Amaya to third
Batting: RHB Dinand Brouwer 0-0: Ball
1-0: Ball
2-0: Called Strike
2-1: Swinging Strike
2-2: Strikes out swinging
Batting: LHB Wade Girard 0-0: Foul Ball, location: 2F
0-1: Ball
1-1: Ball
2-1: Ground out 4-3 (Groundball, 4, EV 108.1 MPH)
Top of the 6th over - 0 runs, 1 hit, 0 errors, 1 left on base; Tri-City 1 - Los Angeles (NYP) 0
BOTTOM OF THE 6TH
Los Angeles (NYP) Angels batting - Pitching for Tri-City ValleyCats : LHP Chase Smith
Batting: LHB Jamie Diebel 0-0: SINGLE (Line Drive, 56D, EV 96.2 MPH)
Batting: RHB Malachi Ephron 0-0: Swinging Strike
0-1: Ball
1-1: Called Strike
Pickoff Throw to First - Out! 1-3
1-2: Foul Ball, location: 2F
1-2: Ball
2-2: SINGLE (Groundball, 56D, EV 110.0 MPH)
Batting: RHB Rory Cobb 0-0: Ball
1-0: Swinging Strike
1-1: Ball
2-1: SINGLE (Groundball, 56, EV 102.5 MPH)
Malachi Ephron to second
Batting: RHB Davey Verhoog 0-0: Ball
Wild Pitch!
Malachi Ephron to third
Rory Cobb to second
1-0: Called Strike
1-1: Foul Ball, location: 2F
1-2: Ground out 4-3 (Groundball, 4, EV 93.1 MPH)
Malachi Ephron scores
Rory Cobb to third
Batting: RHB Dan Burkhart 0-0: Ball
1-0: Called Strike
1-1: DOUBLE (Groundball, 5L, EV 108.8 MPH)
Rory Cobb scores
Batting: SHB Danny Gelinas 0-0: Ball
1-0: Fly out, F8 (Flyball, 8RM, EV 87.5 MPH)
Bottom of the 6th over - 2 runs, 4 hits, 0 errors, 1 left on base; Tri-City 1 - Los Angeles (NYP) 2
TOP OF THE 7TH
Tri-City ValleyCats batting - Pitching for Los Angeles (NYP) Angels : RHP Chris DePalma
Batting: RHB Drew Coleman 0-0: Foul Ball, location: 2F
0-1: Foul Ball, location: 2F
0-2: Ball
1-2: Ball
2-2: Strikes out looking
Batting: RHB Steve Moore 0-0: Ball
1-0: Called Strike
1-1: Ball
2-1: Ball
3-1: Base on Balls
Pitching: RHP Troy Ingram
Batting: RHB Jamie Youngs 0-0: Ball
1-0: Called Strike
1-1: Ball
2-1: Called Strike
2-2: Foul Ball, location: 2F
2-2: Foul Ball, location: 2F
2-2: Foul Ball, location: 2F
2-2: Strikes out swinging
Pinch Hitting: LHB Tomas de Zeeuw 0-0: Ground out 4-3 (Groundball, 4, EV 102.5 MPH)
Top of the 7th over - 0 runs, 0 hits, 0 errors, 1 left on base; Tri-City 1 - Los Angeles (NYP) 2
BOTTOM OF THE 7TH
Los Angeles (NYP) Angels batting - Pitching for Tri-City ValleyCats : LHP Chase Smith
Now at 2B: Drew Coleman
Now in RF: Tomas de Zeeuw
Batting: RHB Phil Knox 0-0: Ball
1-0: Called Strike
1-1: Ball
2-1: Ball
3-1: Foul Ball, location: 2F
3-2: SINGLE (Flyball, 9LS, EV 92.5 MPH)
Batting: LHB Alberto Carrillo 0-0: Fly out, F8 (Flyball, 8RD, EV 100.0 MPH)
Batting: LHB Adam Barry 0-0: Called Strike
0-1: Ball
1-1: Foul Ball, location: 2F
1-2: Ball
2-2: SINGLE (Groundball, 56D, EV 100.0 MPH)
Phil Knox to second
Batting: LHB Jamie Diebel 0-0: DOUBLE (Line Drive, 5D, EV 96.2 MPH)
Phil Knox scores
Adam Barry to third
Runner from 3rd tries for Home, SAFE, no throw by LF
Batting: RHB Malachi Ephron 0-0: Foul Ball, location: 2F
0-1: Called Strike
0-2: Foul Ball, location: 2F
0-2: Fly out, F8 (Flyball, 8RD, EV 93.8 MPH)
Batting: RHB Rory Cobb 0-0: Fly out, F9 (Line Drive, 89D, EV 106.9 MPH)
Bottom of the 7th over - 2 runs, 3 hits, 0 errors, 1 left on base; Tri-City 1 - Los Angeles (NYP) 4
TOP OF THE 8TH
Tri-City ValleyCats batting - Pitching for Los Angeles (NYP) Angels : RHP Troy Ingram
Batting: RHB Ben Sutton 0-0: Called Strike
0-1: Called Strike
0-2: Strikes out swinging
Batting: RHB Omar Amaya 0-0: Ball
1-0: Foul Ball, location: 2F
1-1: Foul Ball, location: 2F
1-2: Ball
2-2: Strikes out looking
Batting: LHB Josh Corkery 0-0: Ball
1-0: Ball
2-0: Foul Ball, location: 2F
2-1: Foul Ball, location: 2F
2-2: Ground out 4-3 (Groundball, 4S, EV 66.9 MPH)
Top of the 8th over - 0 runs, 0 hits, 0 errors, 0 left on base; Tri-City 1 - Los Angeles (NYP) 4
BOTTOM OF THE 8TH
Los Angeles (NYP) Angels batting - Pitching for Tri-City ValleyCats : LHP Chase Smith
Pitching: RHP Russ Greer
Batting: RHB Davey Verhoog 0-0: Called Strike
0-1: Ball
1-1: Foul Ball, location: 2F
1-2: Ground out 6-3 (Groundball, 6, EV 102.5 MPH)
Batting: RHB Dan Burkhart 0-0: Called Strike
0-1: Swinging Strike
0-2: Ball
1-2: Ball
2-2: Ball
3-2: Foul Ball, location: 2F
3-2: Base on Balls
Batting: SHB Danny Gelinas 0-0: Fly out, F7 (Flyball, 7D, EV 96.9 MPH)
Batting: RHB Phil Knox 0-0: Ball
Wild Pitch!
Dan Burkhart to second
1-0: Ball
2-0: Foul Ball, location: 2F
2-1: DOUBLE (Groundball, 5L, EV 107.5 MPH)
Dan Burkhart scores
Batting: LHB Alberto Carrillo 0-0: Ball
1-0: Ball
2-0: Called Strike
2-1: Called Strike
2-2: Strikes out looking
Bottom of the 8th over - 1 run, 1 hit, 0 errors, 1 left on base; Tri-City 1 - Los Angeles (NYP) 5
TOP OF THE 9TH
Tri-City ValleyCats batting - Pitching for Los Angeles (NYP) Angels : RHP Troy Ingram
Batting: RHB Dinand Brouwer 0-0: Ball
1-0: Ball
2-0: Ball
3-0: Called Strike
3-1: Foul Ball, location: 2F
3-2: Foul Ball, location: 2F
3-2: Foul Ball, location: 2F
3-2: Foul Ball, location: 2F
3-2: SOLO HOME RUN (Flyball, 7LD, EV 94.4 MPH), Distance : 349 ft
Pitching: RHP Owen Prouty
Batting: LHB Wade Girard 0-0: Ball
1-0: Foul Ball, location: 2F
1-1: Ball
2-1: Ground out 4-3 (Groundball, 4, EV 104.4 MPH)
Batting: RHB Drew Coleman 0-0: Called Strike
0-1: Called Strike
0-2: Ball
1-2: Hit by Pitch
Batting: RHB Steve Moore 0-0: Called Strike
0-1: Called Strike
0-2: Strikes out swinging
Pinch Hitting: LHB Jackson Trottier 0-0: Called Strike
0-1: Swinging Strike
Balk!
Drew Coleman to second
0-2: SINGLE (Groundball, 56, EV 110.0 MPH) (infield hit)
Drew Coleman to third
Batting: LHB Tomas de Zeeuw 0-0: Ball
1-0: Ball
2-0: Ball
3-0: Base on Balls
Jackson Trottier to second
Batting: RHB Ben Sutton 0-0: Called Strike
0-1: Ball
1-1: Ball
2-1: Swinging Strike
2-2: Strikes out swinging
Top of the 9th over - 1 run, 2 hits, 0 errors, 3 left on base; Tri-City 2 - Los Angeles (NYP) 5
Tuesday, March 28th , 2023 - OOTP Baseball 23.10 Build 110